Map: Emerald City LE

Players

CiTRO

  • Race: Terran Terran
  • League: Gold
  • Spawn Location: 11:00

glaring

  • Race: Protoss Protoss
  • League: Diamond
  • Spawn Location: 11:00

Massa - Winner!

  • Race: Terran Terran
  • League: Gold
  • Spawn Location: 5:00

qqq - Winner!

  • Race: Protoss Protoss
  • League: Platinum
  • Spawn Location: 5:00

VOD

Have the link to the VOD?

Description

Time

  • Played on: July 29, 2020, 12:25 p.m.
  • Length: 17:29
Show
View Real Time Build Order
Export as new Build Order

CiTRO Terran 

Build Orders:  

Get SALT Encoding   

  12  0:01  SCV  
  13  0:13  SCV  
  14  0:21  Supply Depot  
  14  0:25  SCV  
  15  0:35  Refinery  
  16  0:42  SCV  
  16  0:46  Barracks  
  16  0:54  SCV  
  17  1:06  Refinery  
  17  1:07  SCV  
  18  1:19  SCV  
  19  1:33  Reaper  
  20  1:45  Factory  
  20  1:47  Orbital Command  
  20  1:49  Supply Depot  
  20  2:05  Marine  
  21  2:14  SCV  
  22  2:29  Command Center  
  22  2:32  Factory Tech Lab  
  22  2:37  SCV  
  23  2:49  SCV  
  24  2:54  Siege Tank  
  24  2:58  Barracks Reactor  
  27  3:26  Siege Tank  
  30  3:31  Barracks  
  30  3:34  Marine, Engineering Bay  
  30  3:40  Marine  
  32  3:41  Supply Depot  
  32  3:47  Orbital Command  
  32  4:04  Orbital Command  
  32  4:08  Missile Turret  
  32  4:13  SCV  
  33  4:21  Barracks Tech Lab, Missile Turret  
  33  4:23  Starport  
  33  4:29  Marine  
  34  4:32  SCV  
  35  4:45  SCV x2  
  37  4:51  Marine x2  
  39  4:57  SCV x2  
  41  5:04  Medivac  
  43  5:08  Marine  
  43  5:09  SCV  
  43  5:13  Marine  
  46  5:18  Barracks  
  46  5:20  Widow Mine  
  48  5:21  Barracks  
  48  5:22  Terran Infantry Weapons Level 1  
  48  5:26  Marine  
  49  5:31  Marine  
  49  5:34  Marine  
  51  5:39  Missile Turret  
  51  5:44  Marine  
  52  5:55  Starport Reactor  
  52  5:57  Stimpack  
  52  6:05  SCV x2  
  52  6:07  Command Center  
  54  6:12  Barracks Reactor  
  54  6:13  Barracks Tech Lab  
  54  6:17  Marine  
  54  6:18  SCV  
  56  6:24  Supply Depot  
  51  6:52  Combat Shield  
  47  6:55  SCV x2  
  49  7:02  Refinery x2  
  49  7:05  Medivac x2  
  49  7:07  SCV x2  
  55  7:14  Starport  
  55  7:15  Armory  
  55  7:16  Terran Infantry Armor Level 1  
  55  7:19  SCV x2  
  57  7:25  Armory  
  57  7:27  Orbital Command  
  57  7:31  SCV  
  57  7:33  SCV  
  59  7:38  Marine x5  
  59  7:39  Marine  
  59  7:43  Widow Mine, SCV  
  68  7:46  Viking  
  70  7:51  Viking  
  70  7:56  Marine x3  
  75  8:01  Starport Reactor  
  75  8:06  Thor  
  75  8:10  Terran Vehicle Weapons Level 1  
  75  8:11  SCV  
  82  8:19  Supply Depot  
  78  8:33  Marine x3  
  78  8:34  Marine x3  
  83  8:51  Marine  
  83  8:52  Marauder x2  
  88  8:59  Viking x2  
  89  9:14  Marauder  
  90  9:20  Terran Infantry Weapons Level 2  
  90  9:22  Missile Turret  
  90  9:25  Marine x3, Missile Turret  
  90  9:28  Engineering Bay  
  93  9:44  Supply Depot  
  93  9:47  Supply Depot  
  93  10:02  Command Center  
  93  10:05  Marine x4, Viking  
  93  10:06  Marauder  
  101  10:08  Marauder, Viking  
  101  10:12  Medivac  
  105  10:23  Marine x4  
  105  10:27  Marine  
  108  10:29  Marine  
  106  10:45  Marine  
  106  10:46  Marine x2  
  106  10:47  Medivac x4  
  106  11:02  Supply Depot  
  106  11:04  Terran Infantry Armor Level 2  
  106  11:05  Supply Depot  
  106  11:13  Thor  
  106  11:16  Marine  
  106  11:17  Marine x4  
  117  11:25  Medivac  
  119  11:38  Planetary Fortress  
  119  11:42  Refinery  
  119  11:43  Refinery  
  119  11:59  Thor  
  125  12:16  Terran Infantry Weapons Level 3, Terran Vehicle Weapons Level 2  
  125  12:19  Viking, Medivac  
  125  12:21  Marine x2  
  125  12:22  Marine x4  
  135  12:25  Terran Vehicle And Ship Armor Level 1  
  135  12:29  SCV x2  
  138  12:30  SCV x2  
  139  12:39  Marine  
  140  12:59  Sensor Tower  
  140  13:05  Sensor Tower  
  140  13:06  Factory  
  140  13:17  SCV, Command Center  
  140  13:19  Command Center  
  140  13:29  SCV  
  140  13:33  SCV x2  
  140  13:40  Marine x2  
  140  13:41  Marine x2  
  140  13:42  Marine  
  139  13:53  Thor  
  117  14:19  Marine x6  
  123  14:25  Liberator x4  
  134  14:34  Factory Tech Lab  
  134  14:36  Thor  
  134  14:37  Marine  
  138  14:42  Marine x5  
  136  14:54  Marine  
  137  15:00  Marine  
  137  15:02  Thor  
  141  15:07  Orbital Command  
  141  15:18  Thor  
  147  15:24  Viking x4  
  147  15:26  SCV x3  
  158  15:38  Missile Turret  
  158  15:42  Marine x3  
  158  15:43  Marine x3, Missile Turret  
  158  15:45  Thor  
  158  15:47  Missile Turret  
  170  16:02  Marine x3, Viking x2  
  170  16:03  Supply Depot  
  177  16:08  Supply Depot  
  177  16:12  Thor  
  160  16:26  Marine x4  
  160  16:27  Thor  
  160  16:29  Viking  
  172  16:42  Marine x2  
  172  16:43  Marine  
  172  16:44  Marine  
  176  16:50  Marine x2  
  176  16:52  Viking  
  176  16:53  Viking x2  
  184  16:59  Marine  
  113  17:10  Marine x3  
Show
View Real Time Build Order
Export as new Build Order

glaring Protoss 

Build Orders: Dark Templar Rush 

Get SALT Encoding   

  12  0:00  Probe  
  13  0:17  Pylon  
  13  0:21  Probe  
  14  0:37  Gateway  
  14  0:38  Probe (Chrono Boost)  
  16  0:50  Probe (Chrono Boost)  
  16  0:55  Assimilator  
  16  1:04  Pylon  
  16  1:06  Probe  
  17  1:12  Assimilator  
  18  1:18  Probe  
  18  1:28  Cybernetics Core  
  18  1:30  Probe  
  19  1:42  Probe (Chrono Boost)  
  21  1:54  Probe (Chrono Boost)  
  21  2:00  Probe (Chrono Boost)  
  22  2:05  Warp Gate  
  22  2:09  Probe, Twilight Council  
  22  2:12  Pylon  
  23  2:21  Probe  
  24  2:29  Gateway  
  24  2:31  Gateway  
  24  2:33  Probe  
  25  2:41  Gateway  
  24  3:11  Dark Shrine  
  24  3:20  Gateway  
  24  3:21  Pylon  
  24  3:49  Pylon  
  24  4:16  Pylon  
  24  4:23  Pylon  
  24  4:35  Dark Templar x2  
  24  4:36  Dark Templar x3  
  28  5:44  Stalker x5  
  28  5:49  Forge  
  34  5:50  Pylon, Forge  
  34  6:15  Probe  
  34  6:18  Nexus  
  35  6:23  Sentry, Stalker  
  35  6:24  Stalker x2  
  35  6:25  Sentry  
  45  6:27  Probe  
  46  6:39  Probe  
  47  6:40  Protoss Ground Weapons Level 1  
  47  6:51  Probe  
  42  7:22  Stalker x3  
  31  7:23  Stalker  
  31  7:26  Stalker  
  31  7:28  Probe (Chrono Boost)  
  39  7:38  Probe (Chrono Boost)  
  39  7:39  Probe (Chrono Boost), Assimilator  
  39  7:43  Assimilator  
  40  7:45  Probe  
  40  7:46  Probe  
  42  7:53  Protoss Ground Armor Level 1  
  42  7:57  Probe  
  42  7:58  Probe  
  44  8:03  Robotics Facility  
  44  8:10  Probe x2  
  46  8:19  Stalker  
  48  8:22  Probe x2  
  45  8:43  Stalker x2  
  45  8:44  Stalker  
  45  8:46  Zealot x2  
  54  9:24  Sentry x2  
  56  9:26  Nexus  
  36  10:16  Pylon  
  36  10:22  Stalker x3  
  42  10:34  Sentry  
  42  10:35  Sentry  
  44  10:43  Assimilator  
  44  10:48  Probe  
  45  10:58  Stalker  
  45  10:59  Stalker  
  45  11:00  Probe, Sentry  
  52  11:08  Probe  
  53  11:12  Probe  
  54  11:41  Nexus  
  54  11:45  Stalker  
  54  11:46  Stalker  
  58  11:47  Protoss Ground Weapons Level 2  
  58  11:48  Protoss Ground Armor Level 2  
  58  12:09  Probe  
  58  12:10  Probe  
  60  12:18  Observer  
  60  12:20  Stalker  
  60  12:22  Probe x2 (Chrono Boost), Blink  
  65  12:23  Stalker  
  67  12:34  Probe x2 (Chrono Boost)  
  69  12:38  Stalker  
  69  12:39  Stalker  
  69  12:41  Stalker  
  69  12:42  Probe (Chrono Boost)  
  69  12:43  Probe (Chrono Boost)  
  77  12:51  Probe x2  
  79  13:03  Probe  
  79  13:04  Probe  
  81  13:06  Pylon  
  81  13:10  Pylon  
  81  13:11  Pylon  
  81  13:12  Pylon  
  81  13:34  Stalker x3  
  81  13:35  Stalker x2  
  71  14:02  Stalker x2  
  71  14:03  Stalker x3  
  39  14:37  Stalker x4  
  39  14:38  Stalker  
  29  15:05  Probe (Chrono Boost)  
  29  15:06  Probe (Chrono Boost)  
  31  15:10  Sentry x4  
  40  15:14  Sentry  
  40  15:15  Probe x2 (Chrono Boost)  
  43  15:39  Probe x2  
  45  15:51  Probe  
  43  16:29  Observer  
  43  16:30  Stalker  
  43  16:31  Stalker x2  
  50  16:33  Sentry x2  
Show
View Real Time Build Order
Export as new Build Order

Massa Terran - Winner!

Build Orders:  

Get SALT Encoding   

  12  0:01  SCV  
  13  0:14  SCV  
  14  0:25  Supply Depot  
  14  0:26  SCV  
  15  0:30  Refinery  
  15  0:46  SCV  
  15  0:48  Barracks  
  16  0:58  SCV  
  17  1:12  SCV  
  17  1:13  Barracks  
  18  1:25  SCV  
  19  1:35  Reaper  
  19  1:36  Supply Depot  
  19  1:37  SCV  
  21  1:46  Supply Depot  
  21  1:51  Orbital Command  
  21  2:02  Marine  
  22  2:13  Barracks Tech Lab  
  22  2:20  Marine  
  23  2:28  Command Center  
  23  3:14  Marauder, Marine  
  26  3:23  Stimpack  
  26  3:25  SCV  
  26  3:32  Marine  
  27  3:36  Marauder  
  27  3:38  SCV  
  30  3:44  Factory  
  30  3:45  Orbital Command  
  30  3:50  SCV, Barracks  
  31  3:57  Engineering Bay  
  31  4:06  SCV  
  32  4:12  Command Center  
  32  4:17  SCV  
  32  4:19  SCV  
  32  4:21  Marauder  
  36  4:25  Marine  
  36  4:29  SCV  
  36  4:31  SCV  
  39  4:32  Factory Tech Lab  
  39  4:40  Starport  
  39  4:41  SCV  
  39  4:42  Marauder  
  39  4:43  SCV, Marine  
  39  4:44  Missile Turret  
  44  4:45  Terran Infantry Weapons Level 1  
  44  4:53  SCV  
  44  4:55  SCV  
  46  5:01  Refinery  
  46  5:16  SCV  
  46  5:17  SCV  
  44  5:28  SCV  
  45  5:37  Supply Depot  
  42  5:48  Marauder  
  44  5:52  Barracks Reactor  
  44  5:55  Widow Mine  
  45  5:58  Barracks Tech Lab  
  52  6:04  Orbital Command  
  45  6:10  Marauder  
  47  6:14  Refinery  
  47  6:16  Refinery  
  49  6:23  Siege Tank  
  50  6:27  Marauder  
  50  6:29  SCV x2  
  50  6:31  Marauder  
  56  6:32  Marine  
  56  6:33  Marine  
  53  6:41  SCV x2  
  52  6:48  Marauder  
  52  6:50  Marine x2  
  52  6:52  Marauder  
  52  6:53  SCV  
  58  6:55  Orbital Command  
  58  7:04  SCV, Missile Turret  
  58  7:05  SCV  
  60  7:08  Missile Turret  
  60  7:14  Marauder  
  62  7:16  SCV  
  62  7:17  SCV  
  64  7:25  Missile Turret  
  64  7:28  SCV, Missile Turret  
  65  7:33  Medivac  
  65  7:36  Marauder  
  69  7:44  Supply Depot  
  69  7:45  Missile Turret, Supply Depot  
  69  7:58  Concussive Shells  
  69  8:05  Marine x2  
  69  8:06  SCV x2, Marauder, Marine, Medivac  
  69  8:07  SCV  
  79  8:18  SCV x2  
  79  8:19  SCV  
  82  8:23  Marine x2  
  79  8:27  Marine  
  71  8:41  Marine  
  71  8:45  Marauder x2, Marine  
  71  8:49  Widow Mine  
  71  8:59  Marine  
  72  9:03  Marine  
  72  9:06  Marauder  
  72  9:07  Marauder  
  64  9:14  Refinery  
  64  9:15  Refinery, SCV x3  
  64  9:17  Marine  
  67  9:21  Marine  
  69  9:27  SCV x2  
  69  9:28  SCV, Marauder x2  
  76  9:31  Medivac  
  76  9:34  Marine  
  79  9:39  SCV, Marine  
  79  9:40  SCV x2  
  79  9:41  Barracks  
  83  9:47  Factory  
  83  9:48  Missile Turret  
  83  9:49  Marauder  
  85  9:57  Marine  
  85  9:58  Marine  
  85  9:59  SCV x2  
  85  10:01  Marauder  
  66  10:11  Marauder  
  66  10:14  Siege Tank  
  66  10:15  Marine  
  66  10:16  Marine  
  68  10:22  Marauder  
  70  10:32  Marauder  
  70  10:33  Marine  
  70  10:34  Marine  
  55  10:41  Orbital Command  
  55  10:43  Marine  
  55  10:44  Marine  
  55  10:46  Siege Tank  
  48  10:50  Marine  
  48  10:51  Marine  
  48  10:53  Marine  
  51  11:01  Marine  
  53  11:08  Marine, Combat Shield  
  53  11:09  Marine  
  56  11:11  Barracks Tech Lab, Marauder  
  56  11:16  Medivac  
  58  11:19  Marauder  
  60  11:26  Marine, Factory Reactor  
  60  11:27  Marine, Siege Tank  
  67  11:32  Marauder  
  67  11:41  Marauder  
  67  11:44  Marine  
  67  11:45  Marine  
  67  11:46  Medivac  
  73  11:47  Marauder  
  77  11:54  Marauder  
  77  12:10  Supply Depot x2  
  77  12:11  Supply Depot  
  77  12:12  Supply Depot  
  77  12:13  Supply Depot  
  77  12:14  Supply Depot  
  77  12:32  SCV x3, Marauder x3, Marine x2  
  88  12:38  Siege Tank  
  88  12:39  Widow Mine x2  
  88  12:43  Medivac  
  97  12:44  SCV x3  
  97  12:50  Marine x2  
  102  12:54  Marauder x3  
  102  12:56  SCV x3  
  111  13:01  Widow Mine  
  113  13:07  Marine  
  113  13:08  SCV x3  
  113  13:11  Siege Tank  
  120  13:13  Medivac  
  120  13:15  Marauder  
  124  13:20  SCV  
  125  13:40  SCV  
  125  13:41  SCV  
  125  13:42  Marauder x2, Marine x2  
  125  13:43  Marauder  
  119  13:53  Widow Mine  
  119  13:54  Widow Mine x2  
  120  13:59  Marine  
  120  14:00  Marine  
  121  14:03  Marauder  
  121  14:04  Marauder  
  124  14:17  Widow Mine, Marauder  
  125  14:35  Marauder  
  125  14:42  Marauder  
  125  14:44  Marauder  
  106  15:03  Marauder  
  102  15:08  Marauder x2  
  102  15:09  Marine x2  
  102  15:12  Siege Tank  
  102  15:13  Widow Mine x2  
  115  15:25  Marauder  
  115  15:27  Marine x2  
  119  15:30  Marauder x2  
  119  15:34  Widow Mine  
  125  15:48  Supply Depot  
  125  15:49  Supply Depot x3  
  125  15:51  Supply Depot  
  125  15:53  Command Center  
  125  15:58  Supply Depot  
  125  16:00  Supply Depot x2  
  125  16:02  Supply Depot  
  125  16:09  SCV x2, Marine x2, Medivac  
  125  16:10  Marauder x2  
  125  16:11  Widow Mine x2, SCV, Marauder, Siege Tank  
  137  16:21  SCV x2  
  137  16:23  SCV  
  137  16:24  Supply Depot  
  140  16:26  Supply Depot  
  140  16:27  Marine x2  
  140  16:29  Supply Depot  
  140  16:31  Marauder x2, Supply Depot  
  140  16:32  Widow Mine, Marauder  
  150  16:34  SCV x2  
  150  16:35  SCV  
  150  16:39  Medivac  
  155  16:43  Siege Tank  
  155  16:46  SCV x2  
  160  16:47  SCV  
  160  16:52  Marauder  
  160  16:53  Marauder  
  160  16:54  Marauder  
  167  16:58  SCV x2  
  167  16:59  SCV  
Show
View Real Time Build Order
Export as new Build Order

qqq Protoss - Winner!

Build Orders: 1 Gate Expand, Carriers 

Get SALT Encoding   

  12  0:01  Probe  
  13  0:13  Probe  
  14  0:18  Pylon  
  14  0:30  Pylon  
  14  0:36  Probe  
  15  0:48  Probe, Gateway  
  16  1:00  Probe  
  17  1:13  Probe  
  18  1:25  Probe  
  19  1:28  Nexus  
  19  1:37  Probe  
  20  1:47  Assimilator  
  20  1:49  Probe  
  20  1:51  Assimilator  
  21  2:00  Cybernetics Core  
  21  2:01  Probe  
  22  2:13  Probe  
  23  2:25  Nexus  
  23  2:32  Probe  
  24  2:42  Probe  
  27  2:44  Probe  
  27  2:46  Stalker (Chrono Boost)  
  28  2:54  Probe  
  28  2:57  Forge  
  29  3:01  Probe  
  30  3:06  Probe  
  31  3:18  Stargate  
  31  3:20  Stalker  
  31  3:21  Probe  
  34  3:34  Pylon  
  34  3:36  Probe  
  34  3:37  Probe  
  36  3:42  Probe  
  38  3:48  Probe  
  38  3:50  Stalker  
  38  3:51  Probe  
  41  3:59  Photon Cannon  
  41  4:03  Phoenix  
  43  4:11  Probe  
  43  4:13  Probe  
  43  4:14  Probe  
  46  4:20  Stalker  
  46  4:23  Probe  
  49  4:25  Probe  
  49  4:28  Phoenix  
  49  4:29  Stargate  
  52  4:32  Probe  
  52  4:35  Probe  
  52  4:36  Assimilator  
  52  4:38  Probe  
  55  4:49  Probe  
  55  4:50  Stalker  
  58  4:56  Photon Cannon  
  58  5:00  Photon Cannon  
  58  5:01  Probe  
  58  5:03  Pylon  
  59  5:20  Photon Cannon  
  59  5:21  Probe x2  
  59  5:22  Probe, Robotics Facility  
  59  5:31  Photon Cannon  
  59  5:33  Probe  
  59  5:35  Phoenix  
  51  5:42  Oracle  
  50  5:47  Probe  
  50  5:48  Probe x2  
  53  5:59  Probe  
  53  6:00  Probe x2  
  56  6:09  Photon Cannon  
  56  6:12  Probe x3  
  56  6:14  Pylon  
  56  6:18  Phoenix  
  61  6:20  Photon Cannon  
  61  6:24  Probe x3  
  64  6:36  Probe x3  
  67  6:48  Probe x3  
  70  6:55  Stalker  
  70  6:57  Phoenix x2  
  70  7:00  Probe x3  
  76  7:12  Probe  
  75  7:20  Probe  
  75  7:21  Probe  
  77  7:24  Probe  
  77  7:25  Stalker  
  77  7:27  Assimilator  
  80  7:32  Probe, Photon Cannon  
  80  7:33  Probe  
  80  7:34  Photon Cannon x2  
  80  7:36  Probe, Shield Battery  
  83  7:38  Pylon  
  83  7:44  Probe  
  83  7:45  Probe  
  85  7:56  Probe x2, Observer, Phoenix x2  
  85  7:57  Probe, Pylon  
  93  7:59  Pylon  
  93  8:13  Pylon  
  93  8:15  Probe x3  
  96  8:21  Pylon  
  96  8:27  Probe x3  
  94  8:31  Pylon  
  94  8:32  Phoenix x2  
  98  8:39  Probe x2  
  100  8:49  Assimilator  
  100  8:50  Nexus  
  100  8:52  Assimilator  
  100  8:53  Pylon  
  100  8:55  Pylon  
  100  8:57  Phoenix  
  86  9:18  Phoenix  
  86  9:21  Phoenix  
  90  9:27  Fleet Beacon  
  90  9:28  Twilight Council  
  86  9:49  Probe  
  87  9:54  Immortal  
  87  9:58  Zealot  
  93  10:01  Probe  
  94  10:13  Probe  
  85  10:25  Probe, Zealot  
  94  10:35  Carrier  
  94  10:36  Carrier  
  94  10:37  Probe  
  101  10:52  Gateway, Zealot  
  101  10:56  Gateway  
  103  10:57  Charge (Chrono Boost)  
  103  10:59  Pylon  
  103  11:02  Pylon  
  103  11:07  Gateway, Photon Cannon  
  103  11:16  Nexus  
  103  11:18  Photon Cannon  
  103  11:19  Zealot  
  103  11:20  Photon Cannon  
  103  11:23  Photon Cannon  
  103  11:25  Pylon  
  102  11:27  Photon Cannon  
  102  11:28  Photon Cannon x2  
  102  11:29  Pylon  
  102  11:31  Pylon  
  102  11:33  Shield Battery  
  102  11:36  Shield Battery  
  102  11:39  Carrier (Chrono Boost)  
  108  11:40  Carrier (Chrono Boost), Mothership (Chrono Boost)  
  108  11:46  Zealot  
  122  12:12  Nexus  
  122  12:13  Zealot  
  124  12:15  Pylon  
  124  12:17  Pylon  
  124  12:21  Pylon  
  124  12:23  Pylon  
  124  12:24  Zealot x2  
  124  12:25  Zealot  
  124  12:28  Protoss Ground Weapons Level 1  
  130  12:31  Protoss Air Armor Level 1  
  130  12:38  Nexus  
  130  12:40  Zealot  
  130  12:41  Photon Cannon  
  130  12:44  Photon Cannon  
  132  12:46  Pylon  
  132  12:48  Pylon  
  132  12:51  Zealot x2, Shield Battery  
  132  12:52  Zealot  
  132  12:54  Photon Cannon  
  132  12:55  Carrier  
  132  12:56  Photon Cannon  
  144  12:58  Photon Cannon  
  144  13:10  Photon Cannon  
  144  13:15  Carrier  
  150  13:35  Photon Cannon  
  150  13:37  Photon Cannon  
  149  13:59  Carrier  
  143  14:08  Zealot x3  
  143  14:09  Zealot  
  137  14:19  Carrier  
  143  14:24  Probe  
  144  14:37  Probe, Protoss Ground Armor Level 1  
  145  14:39  Protoss Air Weapons Level 1  
  145  14:43  Zealot  
  147  14:49  Probe  
  148  15:01  Probe  
  148  15:03  Carrier  
  148  15:06  Nexus  
  155  15:09  Pylon  
  155  15:13  Probe  
  156  15:23  Tempest  
  161  15:35  Probe  
  161  15:42  Photon Cannon  
  162  15:44  Photon Cannon  
  162  15:45  Photon Cannon  
  162  15:46  Shield Battery  
  162  15:48  Probe, Pylon  
  163  15:51  Pylon  
  163  15:53  Pylon  
  163  15:58  Zealot x2, Stalker x2  
  163  16:00  Probe  
  172  16:06  Carrier  
  178  16:12  Probe  
  177  16:24  Probe  
  177  16:25  Sentry, Adept  
  178  16:36  Probe  
Tags
 
Add a new tag
Caveats
  • Supply blocks, unpowered buildings, or Contaminate may cause inaccurate times.
  • Supply counts are checked every 10 seconds.